 Dungeon Crawl Stone Soup version 0.18-a0-455-gc7d4c65 (webtiles) character file.

104 Korkiloff the Skirmisher (level 4, -1/48 HPs)
             Began as a Minotaur Wanderer on Dec 1, 2015.
             Was an Initiate of Okawaru.
             Slain by an adder (2 damage)
             ... on level 3 of the Dungeon.
             The game lasted 00:08:19 (1622 turns).

Korkiloff the Skirmisher (Minotaur Wanderer)        Turns: 1622, Time: 00:08:19

Health: -1/48      AC: 11    Str: 21    XL:     4   Next: 52%
Magic:  3/3        EV:  6    Int: 10    God:    Okawaru [......]
Gold:   83         SH:  0    Dex: 10    Spells: 0 memorised, 3 levels left

rFire  . . .     SeeInvis .     a - +2 mace
rCold  . . .     Clarity  .     j - +0 plate armour
rNeg   . . .     SustAt   .     (no shield)
rPois  .         Gourm    .     (helmet restricted)
rElec  .         Spirit   .     m - +0 cloak
rCorr  .         Dsmss    .     (no gloves)
rMut   .         Stasis   .     (no boots)
MR     .....                    (no amulet)
Stlth  ..........               (no ring)
                                (no ring)

@: mighty, lethally poisoned (-1 -> -16), not resistant to hostile enchantments,
extremely unstealthy
A: retaliatory headbutt, horns 2
a: Renounce Religion


You were on level 3 of the Dungeon.
You worshipped Okawaru.
Okawaru was noncommittal.
You were not hungry.

You visited 1 branch of the dungeon, and saw 3 of its levels.

You collected 83 gold pieces.

Inventory:

Hand Weapons
 a - a +2 mace (weapon)
 i - a +1 dagger of venom
 p - a +0 falchion
 v - a +0 long sword of slicing
 z - a +0 war axe
 F - a +0 trident
Missiles
 l - 21 bolts
Armour
 d - a +0 robe
 j - a +0 plate armour (worn)
 m - a +0 cloak (worn)
 q - a +0 robe
 u - a +1 animal skin
 A - a cursed +0 ring mail
 B - a +0 leather armour
 G - a +2 chain mail of fire resistance
 H - a +0 scale mail
 I - a +0 ring mail
Scrolls
 b - 3 scrolls of teleportation
 f - 2 scrolls of blinking {unknown}
 k - 2 scrolls of identify {unknown}
 n - 2 scrolls of enchant weapon {unknown}
 s - 3 scrolls of recharging {unknown}
 t - 2 scrolls of remove curse {unknown}
 w - a scroll of amnesia {unknown}
 x - a scroll of immolation {unknown}
Potions
 c - 3 potions of lignification
 g - a potion of curing {unknown}
 h - a potion of cure mutation
 o - a potion of might
 C - a potion of poison
 D - a potion of ambrosia {unknown}
 J - a potion of flight {unknown}
Books
 E - a book of Clouds

   Spells                             Type                      Level
   a - Mephitic Cloud                 Conjuration/Poison/Air       3
   b - Conjure Flame                  Conjuration/Fire             3
   c - Poisonous Cloud                Conjuration/Poison/Air       6
   d - Freezing Cloud                 Conjuration/Ice/Air          6
   e - Ring of Flames                 Charms/Fire                  7
Comestibles
 e - 2 bread rations
 r - 6 chunks of flesh


   Skills:
 + Level 7.7 Fighting
 + Level 1.2(1.7) Axes
 + Level 1.7(2.0) Maces & Flails
 + Level 1.6 Armour
 + Level 0.4 Dodging
 + Level 1.0 Stealth
   Level 1.2 Shields


You had 3 spell levels left.
You didn't know any spells.

Dungeon Overview and Level Annotations

Branches:
Dungeon (3/15)

Altars:
Okawaru
Trog

Annotations:
D:3 Sigmund


Innate Abilities, Weirdness & Mutations

You reflexively headbutt those who attack you in melee.
You have a pair of horns on your head.


Message History

Sigmund hits you from afar with a scythe of flaming!
* * * LOW HITPOINT WARNING * * *
Sigmund burns you.
* * * LOW HITPOINT WARNING * * *
The adder bites you.
* * * LOW HITPOINT WARNING * * *
You are poisoned.
The adder poisons you! The adder bites you but does no damage.
You feel sick.
Drink which item? (? for menu, Esc to quit)
It was a potion of might.
You feel very mighty all of a sudden. The adder barely misses you.
Drink which item? (? for menu, Esc to quit)
It was a potion of poison.
That liquid tasted very nasty...
You are lethally poisoned!
* * * LOW HITPOINT WARNING * * *
You feel sick. The adder bites you.
You die...

#. ........# ##
#####.####.....l#...
.................... ##
####.#.#.......# # #.
#.#.#.@....$#
#.#..#######.#...#.###...#
...#.......#@###... ....
...#......S# ##### .##
#.####.#######@####### #
#>.......÷.†..........
###.##.#######.#######
#.##.#.......#
#...........##
####........+ #........#
##.......# ##### #.......#
......


You could see Sigmund and an adder.

Vanquished Creatures
  Terence (D:3)
  Robin (D:2)
  2 adders (D:2)
  2 worms
  A giant gecko (D:1)
  An orc (D:2)
  4 bats
  4 giant cockroaches
  10 goblins
  5 hobgoblins
  2 jackals (D:3)
  A kobold (D:1)
  A quokka (D:2)
  2 giant newts
  8 rats
45 creatures vanquished.

Notes
Turn   | Place    | Note
--------------------------------------------------------------
     0 | D:1      | Korkiloff the Minotaur Wanderer began the quest for the Orb.
     0 | D:1      | Korkiloff set off with: a +2 mace, a scroll of teleportation, a potion of lignification, a +0 robe, a bread ration
     0 | D:1      | Reached XP level 1. HP: 24/24 MP: 0/0
   205 | D:1      | Reached XP level 2. HP: 24/31 MP: 1/1
   833 | D:2      | Reached XP level 3. HP: 36/38 MP: 2/2
   862 | D:2      | Reached skill level 7 in Fighting
  1042 | D:2      | Noticed Robin
  1072 | D:2      | Killed Robin
  1356 | D:2      | Reached XP level 4. HP: 47/47 MP: 3/3
  1425 | D:2      | Found a bloodstained altar of Trog.
  1425 | D:2      | Found an iron altar of Okawaru.
  1431 | D:2      | Became a worshipper of Warmaster Okawaru
  1491 | D:3      | Noticed Terence
  1513 | D:3      | Killed Terence
  1607 | D:3      | Noticed Sigmund
  1622 | D:3      | HP: 1/48 [poison (a potion of poison)]
  1622 | D:3      | Slain by an adder

Vault maps used:
D:1:      eino_arrival_cavern_b
D:2:      gammafunk_temple_overflow_statue, first_bread,
          mrwooster_statue_mirror, uniq_robin
D:3:      uniq_terence, uniq_iyjb, uniq_sigmund, uniq_grinder

Action                   |  1- 3 |  4- 6 || total
-------------------------+-------+-------++-------
Melee: Mace              |    68 |    30 ||    98
       Long sword        |     4 |       ||     4
Throw: Javelin           |     7 |     4 ||    11
  Use: Potion            |       |     3 ||     3
  Eat: Chunk             |     1 |     1 ||     2
